 Dungeon Crawl Stone Soup version 0.29-a0-330-g52719c12eb (webtiles) character file.

Game seed: 1259449605146742099

21 kae the Firebug (level 2, -3/20 HPs)
             Began as a Demigod Fire Elementalist on May 1, 2022.
             Killed from afar by Sigmund (4 damage)
             ... with a puff of flame
             ... on level 2 of the Dungeon.
             The game lasted 00:00:42 (1546 turns).

kae the Firebug (Demigod Fire Elementalist)         Turns: 1546, Time: 00:00:43

Health: -3/20      AC:  3    Str:  9    XL:     2   Next: 45%
Magic:  3/7        EV: 12    Int: 17    God:
Gold:   65         SH:  0    Dex: 14    Spells: 2/5 levels left

rFire   . . .      SeeInvis .   e - +0 short sword
rCold   . . .      Faith    .   (no shield)
rNeg    . . .      Spirit   .   a - +0 robe
rPois   .          Reflect  .   (no helmet)
rElec   .          Harm     .   (no cloak)
rCorr   .          Rampage  .   j - +0 pair of gloves
Will    .....                   (no boots)
Stlth   ++........              (no amulet)
HPRegen 0.06/turn               (no ring)
MPRegen 0.10/turn               (no ring)

@: no status effects
A: high MP 1, forlorn, divine attributes
a: no special abilities


You were on level 2 of the Dungeon.
You visited 1 branch of the dungeon, and saw 2 of its levels.

You collected 65 gold pieces.

Inventory:

Hand Weapons
 e - a +0 short sword (weapon)
Armour
 a - a +0 robe (worn)
 j - a +0 pair of gloves (worn)
Scrolls
 h - a scroll of enchant weapon {unknown}
 i - a scroll of teleportation {unknown}
Potions
 b - 2 potions of magic
 c - 2 potions of attraction
 d - 2 potions of heal wounds {unknown}
 g - a potion of flight {unknown}


   Skills:
 - Level 1.7 Dodging
 - Level 1.7 Stealth
 + Level 2.1 Spellcasting
 + Level 1.5 Conjurations
 + Level 3.0 Fire Magic


You had 2 spell levels left.
You knew the following spells:

 Your Spells              Type           Power      Damage    Failure   Level
a - Foxfire               Conj/Fire      36%        2x1d5     8%          1
b - Scorch                Fire           24%        2d6       9%          2

Your spell library contained the following spells:

 Spells                   Type           Power      Damage    Failure   Level
 Conjure Flame            Conj/Fire      9%         6-21      22%         3
 Inner Flame              Hex/Fire       7%         N/A       30%         3
 Tukima's Dance           Hex            1%         N/A       50%         3
 Flame Wave               Conj/Fire      9%         2d5       58%         4
 Passage of Golubria      Tloc           1%         N/A       88%         4
 Yara's Violent Unravell  Hex/Tmut       0%         3d3       99%         5


Dungeon Overview and Level Annotations

Branches:
Dungeon (2/15)

Annotations:
D:2 Sigmund


Innate Abilities, Weirdness & Mutations

You have an increased reservoir of magic. (+10% MP)
You shall have no god before yourself.
Your divine heritage dramatically boosts your attributes as you level up.


Message History

You conjure some foxfire!
Your foxfire dissipates!
Your foxfire dissipates!
You see here a +0 dagger.
Sigmund the Dreaded comes into view.
He is wielding a +3 scythe of distortion and wearing a +2 robe of positive energy.
Sigmund shouts!
Unknown command.
Casting: Foxfire (safe; 8% risk of failure)
Confirm with . or Enter, or press ? or * to list all spells.
You conjure some foxfire!
The foxfire hits Sigmund but does no damage.
The foxfire hits Sigmund.
Sigmund is lightly wounded.
Casting: Foxfire (safe; 8% risk of failure)
Confirm with . or Enter, or press ? or * to list all spells.
You conjure some foxfire!
The foxfire hits Sigmund.
Sigmund is lightly wounded.
The foxfire hits Sigmund.
Sigmund is lightly wounded.
Sigmund gestures wildly while chanting.
Sigmund flickers and vanishes!
Deactivating autopickup; reactivate with Ctrl-A.
Casting: Foxfire (safe; 8% risk of failure)
Confirm with . or Enter, or press ? or * to list all spells.
You conjure some foxfire!
The foxfire hits something.
The foxfire hits something but does no damage.
Something hits you!
Ouch! That really hurt!
Space warps around you.
* * * LOW HITPOINT WARNING * * *
Casting: Foxfire (safe; 8% risk of failure)
Confirm with . or Enter, or press ? or * to list all spells.
You conjure some foxfire!
The foxfire hits something. x2
You hear some strange, mumbled words.
A puff of flame appears from out of thin air!
The puff of flame hits you.
You die...

# #.# # #.# #
#.# #### #.#
...# #.# ...#
#.# ...#### #{#
......# ####.#
......# #..ยง@#
......# #.####
...#### #.#
...# #.#
...##########.#
#...........).#
###############
# #


There were no monsters in sight!

Vanquished Creatures
  A dart slug (D:2)
  A ball python (D:1)
  A goblin (D:1)
  4 hobgoblins
  2 kobolds (D:1)
  2 quokkas (D:1)
  4 bats (D:1)
  2 rats (D:1)
17 creatures vanquished.

Vanquished Creatures (others)
  An elf (D:1)
  A troll (D:1)
  A spriggan (D:1)
  A vampire (D:1)
  A formicid (D:1)
  A human (D:1)
  A tengu (D:1)
  A felid (D:1)
  A gnoll (D:1)
  An orc (D:1)
  2 kobolds (D:1)
  80 foxfires
  4 tentacles (D:1)
96 creatures vanquished.

Grand Total: 113 creatures vanquished

Notes
Turn   | Place    | Note
-------+----------+-------------------------------------------
     0 | D:1      | kae the Demigod Fire Elementalist began the quest for the
                  | Orb.
     0 | D:1      | Reached XP level 1. HP: 14/14 MP: 5/5
     0 | D:1      | Noticed a vampire
     0 | D:1      | Noticed an elf
     0 | D:1      | Noticed a spriggan
     0 | D:1      | Noticed a felid
     0 | D:1      | Noticed a formicid
     0 | D:1      | Noticed a tengu
     0 | D:1      | Noticed a kraken
     0 | D:1      | Noticed a troll
     0 | D:1      | Noticed a human
     5 | D:1      | Killed a tengu
     5 | D:1      | Killed a human
     7 | D:1      | Killed a troll
     8 | D:1      | Killed a formicid
     8 | D:1      | Killed a vampire
     8 | D:1      | Killed a felid
     9 | D:1      | Killed an elf
    11 | D:1      | Killed a spriggan
    94 | D:1      | Reached skill level 1 in Conjurations
   828 | D:1      | Reached XP level 2. HP: 14/20 MP: 0/7
   953 | D:1      | Learned a level 2 spell: Scorch
   988 | D:1      | Reached skill level 3 in Fire Magic
  1536 | D:2      | Noticed Sigmund
  1544 | D:2      | HP: 1/20 [something (6)]
  1546 | D:2      | Killed from afar by Sigmund

Illustrated notes

Levels and vault maps discovered:
D:1:      nicolae_arrival_kraken_aquarium_a, layout_loops_ring
D:2:      layout_loops_ring, hellmonk_ecumenical_altar_leap_of_faith,
          basic_altar, uniq_sigmund, uniq_natasha

Skill      XL: |  1  2 |
---------------+-------+-----
Conjurations   | 1 |  1.5
Spellcasting   | 2 |  2.1
Fire Magic     | 3 |  3.0
Dodging        | |  1.7
Stealth        | |  1.7

Action                   || total
-------------------------++-------
Melee: Short sword       ||     4
 Cast: Foxfire           ||    51
  Use: Scroll            ||     1
Armor: Robe              ||     2
Dodge: Dodged            ||    13

Table legend: (Time is in decaauts)
 A = Elapsed time spent in this place.
 B = Non-inter-level travel time spent in this place.
 C = Inter-level travel time spent in this place.
 D = Time resting spent in this place.
 E = Time spent auto-exploring this place.
 F = Levels seen in this place.
 G = Mean time per level.
                   A        B        C        D        E       F      G
               +--------+--------+--------+--------+--------+-----+--------+
         Total |   1545 |   1462 |     83 |     28 |   1258 |   2 |  772.5 |
       Dungeon |   1545 |   1462 |     83 |     28 |   1258 |   2 |  772.5 |
               +--------+--------+--------+--------+--------+-----+--------+

Top non-repeatable levels by time:
     D:1: 1366 daAuts
     D:2: 178 daAuts
